 Dungeon Crawl Stone Soup version 0.28-a0-691-gad6df49e81 (webtiles) character file.

Game seed: 5264534411986366615

872 cheechan the Chopper (level 8, -9/65 HPs)
             Began as a Naga Chaos Knight on Oct 21, 2021.
             Was a Follower of Ru.
             Mangled by a small abomination (17 damage)
             ... on level 3 of the Dungeon.
             The game lasted 00:24:07 (4516 turns).

cheechan the Chopper (Naga Chaos Knight)            Turns: 4516, Time: 00:24:08

Health: -9/65      AC: 10    Str: 24      XL:     8   Next: 4%
Magic:  8/8        EV:  9    Int: 14      God:    Ru [*.....]
Gold:   162        SH:  5    Dex:  6 (8)  Spells: 7/7 levels left

rFire   + . .      SeeInvis +   a - +0 hand axe (chaos)
rCold   x . .      Faith    .   (no shield)
rNeg    . . .      Spirit   .   b - +3 leather armour
rPois   +          Reflect  +   i - +2 helmet
rElec   .          Harm     .   (no cloak)
rCorr   .          Rampage  .   (no gloves)
Will    +....                   (no barding)
Stlth   ++........              j - amulet of reflection
HPRegen 0.20/turn               d - +6 ring of strength
MPRegen 0.11/turn               m - ring of fire

@: very slow
A: AC +2, large, see invisible, deformed body, poison resistance, slowness 2,
spit poison 1, inability to train armour, naga tail 1, clumsy 1, deterioration
1, frail 1, screaming 1, strong 1, devolution 1
a: Spit Poison, Renounce Religion


You were on level 3 of the Dungeon.
You worshipped Ru.
Ru was aware of your devotion.
You visited 1 branch of the dungeon, and saw 4 of its levels.

You collected 162 gold pieces.

Inventory:

Hand Weapons
 a - a +0 hand axe of chaos (weapon)
 l - a +0 dire flail
 o - a +0 long sword
 r - a +0 war axe
 u - a +1 dagger of holy wrath
Missiles
 e - 2 boomerangs
 f - 125 arrows
 g - 131 stones
 h - 58 bolts
 p - 18 poisoned darts
 q - 6 javelins
 t - 22 sling bullets
Armour
 b - a +3 leather armour (worn)
 i - a +2 helmet (worn)
Jewellery
 d - a +6 ring of strength (left hand)
 j - an amulet of reflection (around neck)
 m - a ring of fire (right hand)
Scrolls
 k - 2 scrolls of identify
 n - a scroll of blinking
 s - 2 scrolls of teleportation
 w - a scroll of vulnerability
Potions
 c - 2 potions of curing
 v - a potion of attraction


   Skills:
 + Level 4.6 Fighting
 + Level 6.4 Axes
 + Level 3.1 Dodging
 + Level 3.2 Stealth
 + Level 0.7 Shields


You had 7 spell levels left.
You didn't know any spells.
Your spell library contained the following spells:

 Spells                   Type           Power      Damage    Failure   Level
 Chain Lightning          Conj/Air       0%         N/A       100%        9
 Fire Storm               Conj/Fire      0%         5d1       100%        9
 Shatter                  Erth           0%         3d5*      100%        9


Dungeon Overview and Level Annotations

Branches:
Dungeon (4/15)
 Temple: D:4-7

Altars:
Fedhas
Qazlal
Ru
Yredelemnul

Portals:
Abyss: D:3

Annotations:
D:3 1 transporter
Abyss:1 DJNightmares's ghost, amateur NaBe


Innate Abilities, Weirdness & Mutations

Your serpentine skin is tough. (AC +2)
You have supernaturally acute eyesight. (SInv)
Armour fits poorly on your strangely shaped body.
Your system is resistant to poisons. (rPois)
You cover ground very slowly.
You can spit poison.
You cannot train Armour skill.
You have a snake-like lower body.
You are clumsy. (Dex -2)
Your body sometimes deteriorates upon taking damage.
You are frail. (-10% HP)
You occasionally shout uncontrollably at your foes.
Your muscles are strong. (Str +2)
You have hidden genetic defects.


Message History

You hit the small abomination. You burn the small abomination.
The small abomination is lightly damaged.
The small abomination hits you!!
Your body deteriorates!
You feel clumsy.
You hit the small abomination.
The small abomination flickers and vanishes for a moment.
The small abomination is moderately damaged.
The small abomination hits you.
You closely miss the small abomination.
The small abomination is moderately damaged.
The small abomination hits you but does no damage.
The small abomination hits you!
* * * LOW HITPOINT WARNING * * *
You barely miss the small abomination.
The small abomination is moderately damaged.
The small abomination barely misses you.
You closely miss the small abomination.
The small abomination is moderately damaged.
You block the small abomination's attack.
You barely miss the small abomination.
The small abomination is moderately damaged.
The small abomination barely misses you.
You hit the small abomination.
Nothing appears to happen.
The small abomination is moderately damaged.
The small abomination hits you.
* * * LOW HITPOINT WARNING * * *
The small abomination closely misses you.
You hit the small abomination. You burn the small abomination.
The small abomination is heavily damaged.
The small abomination hits you but does no damage.
You hit the small abomination but do no damage.
The small abomination is heavily damaged.
You block the small abomination's attack.
You feel a genetic drift.
You feel the urge to shout.
Your genetic malignance weakens.
You hit the small abomination but do no damage.
The small abomination seems to grow stronger.
The small abomination is heavily damaged.
The small abomination hits you!
You die...

......................# #.#
#####...##########.#### #.#
##..##########..###### #.#
#....................# #.#
#....................####.#
##.....###..###.......>....#
#.....##.####©##.###..####.#
#.....#W..##..∩###?#.......#
#.....#©.#.^#.@....#...##..#
#....##..x..#x#.#.##...##.[#
#...##.#.###.#.## #....##..#
#...###..#.##.#. ##...###..#
#....##.##..#.#.##....# #..###
#.....###..##...#.....###..).#
###......©...#.##.#.........##.#
............##.#. ###...##..##.#
####....##### .$. #...##..##.#


You could see a small abomination (strong, invisible).

Vanquished Creatures
  A sky beast (D:4)
  A black bear (D:4)
  A phantom (D:4)
  A scorpion (D:4)
  A wyvern skeleton (D:4)
  A bullfrog skeleton (D:3)
  An iron imp (D:3)
  Jessica (D:2)
  Natasha (thrice) (D:2)
  An orc wizard (D:4)
  A hound zombie (D:4)
  A hound skeleton (D:4)
  3 adders (D:4)
  A worm (D:3)
  3 dart slugs
  12 orcs
  5 endoplasms
  6 giant cockroaches
  11 hobgoblins
  5 jackals
  5 quokkas
  4 ball pythons
  6 bats
  3 frilled lizards
  15 goblins
  3 kobolds
  3 rats
99 creatures vanquished.

Vanquished Creatures (others)
  A plant (D:1)
1 creature vanquished.

Grand Total: 100 creatures vanquished

Notes
Turn   | Place    | Note
-------+----------+-------------------------------------------
     0 | D:1      | cheechan the Naga Chaos Knight began the quest for the Orb.
     0 | D:1      | Reached XP level 1. HP: 21/21 MP: 1/1
   336 | D:1      | XOM: silly message
   339 | D:1      | XOM: silly message
   350 | D:1      | Reached XP level 2. HP: 19/28 MP: 2/2
   734 | D:1      | Reached XP level 3. HP: 28/34 MP: 3/3
   851 | D:2      | Reached skill level 1 in Dodging
   898 | D:2      | Noticed Natasha
   899 | D:2      | XOM: silly message
   910 | D:2      | Killed Natasha
  1006 | D:2      | Noticed Natasha
  1013 | D:2      | XOM: cast spell 'Summon Small Mammal'
  1016 | D:2      | XOM: cast spell 'Call Canine Familiar'
  1028 | D:2      | Killed Natasha
  1029 | D:2      | Reached XP level 4. HP: 8/42 MP: 4/4
  1065 | D:2      | Noticed Natasha
  1094 | D:2      | XOM: divination: magic mapping
  1167 | D:2      | Killed Natasha
  1168 | D:2      | Reached skill level 4 in Axes
  1176 | D:2      | XOM: silly message
  1458 | D:2      | You fall into a shaft and drop 2 floors!
  1458 | D:4      | Noticed a phantom
  1458 | D:4      | Noticed a scorpion
  1474 | D:4      | XOM: cast spell 'Olgreb's Toxic Radiance'
  1477 | D:4      | Killed a scorpion
  1478 | D:4      | Reached skill level 1 in Stealth
  1478 | D:4      | Reached XP level 5. HP: 32/50 MP: 5/5
  1496 | D:4      | Killed a phantom
  1497 | D:4      | Reached XP level 6. HP: 7/57 MP: 6/6
  1603 | D:4      | XOM: 1-stop teleportation journey
  1944 | D:4      | Found a stormy altar of Qazlal.
  2002 | D:4      | Reached skill level 5 in Axes
  2083 | D:4      | Noticed a sky beast
  2087 | D:4      | XOM: enchant monster (bad)
  2091 | D:4      | XOM: enchant monster (bad)
  2098 | D:4      | Killed a sky beast
  2105 | D:4      | XOM: noise
  2197 | D:4      | XOM: confusion
  2198 | D:4      | XOM: blink monster(s)
  2213 | D:4      | Reached XP level 7. HP: 30/64 MP: 7/7
  2387 | D:4      | Found a blossoming altar of Fedhas.
  2610 | D:4      | XOM: noise
  2736 | D:4      | Found a sacrificial altar of Ru.
  2763 | D:4      | Fell from the grace of Xom
  2763 | D:4      | Became a worshipper of Ru the Awakened
  2927 | D:3      | Noticed a small abomination
  2928 | D:3      | Found a one-way gate to the infinite horrors of the Abyss.
  2928 | D:3      | Noticed DJNightmares's ghost (amateur NaBe)
  2971 | D:3      | Found a transporter.
  3165 | D:3      | XOM: give mutations
  3165 | D:3      | Gained mutation: You sometimes lose the ability to read
                  | scrolls when taking damage. [Xom's mischief]
  3165 | D:3      | Gained mutation: You have hidden genetic defects. [Xom's
                  | mischief]
  3165 | D:3      | Gained mutation: Your muscles are strong. (Str +2) [Xom's
                  | mischief]
  3176 | D:3      | Found a basalt altar of Yredelemnul.
  3715 | D:2      | Noticed Jessica
  3724 | D:2      | Killed Jessica
  3725 | D:2      | Reached skill level 6 in Axes
  3792 | D:2      | XOM: summons 4 hostile demons
  3793 | D:2      | Noticed a chaos spawn
  3895 | D:2      | XOM: give mutations
  3895 | D:2      | Lost mutation: You sometimes lose the ability to read
                  | scrolls when taking damage. [Xom's mischief]
  3895 | D:2      | Gained mutation: Your body sometimes deteriorates upon
                  | taking damage. [Xom's mischief]
  3895 | D:2      | Gained mutation: You are frail. (-10% HP) [Xom's mischief]
  3895 | D:2      | Gained mutation: You are clumsy. (Dex -2) [Xom's mischief]
  4125 | D:2      | Gained mutation: You cannot train Armour skill. [Ru
                  | sacrifice]
  4125 | D:2      | Reached * piety under Ru
  4468 | D:3      | Found a transporter.
  4501 | D:3      | Banished DJNightmares's ghost
  4501 | D:3      | Gained mutation: You have terrible hidden genetic defects.
                  | [hidden defects]
  4502 | D:3      | Reached XP level 8. HP: 39/65 MP: 8/8
  4515 | D:3      | Gained mutation: You occasionally shout uncontrollably at
                  | your foes. [hidden defects]
  4515 | D:3      | Lost mutation: You have terrible hidden genetic defects.
                  | [hidden defects expressed]
  4516 | D:3      | Mangled by a small abomination

Illustrated notes

Levels and vault maps discovered:
D:1:      sevenhm_arrival_forest_fort_small_4, layout_basic, minmay_pentomino_s4
D:2:      layout_basic, hangedman_decor_points, uniq_natasha, uniq_jessica
D:3:      layout_loops_ring, lemuel_doored_altar, gammafunk_ghost_abyssal_escape
D:4:      cheibrodos_greedy_goblins, layout_rooms,
          nicolae_qazlal_scattered_showers, fedhas_altar_2,
          mainiacjoe_overflow_cross_hatched

Skill      XL: |  1  2  3  4  5  6  7 |
---------------+----------------------+-----
Armour         | 2 0 |  0.0
Dodging        | 1 2 3 |  3.1
Axes           | 4 5 6 |  6.4
Stealth        | 1 2 3 |  3.2
Fighting       | 4 |  4.6
Shields        | |  0.7

Action                   |  1- 3 |  4- 6 |  7- 9 || total
-------------------------+-------+-------+-------++-------
Melee: Hand axe          |    79 |   100 |   192 ||   371
Invok: Sacrifice Durabil |       |       |     1 ||     1
 Abil: Spit Poison       |     3 |     3 |    10 ||    16
  Use: Scroll            |     5 |       |     5 ||    10
       Potion            |     1 |       |       ||     1
 Stab: Paralysed         |     1 |       |     2 ||     3
       Sleeping          |       |       |     1 ||     1
Armor: Leather armour    |    44 |    55 |   154 ||   253
Dodge: Dodged            |    60 |    49 |   138 ||   247
Block: Other             |       |       |    36 ||    36

Table legend: (Time is in decaauts)
 A = Elapsed time spent in this place.
 B = Non-inter-level travel time spent in this place.
 C = Inter-level travel time spent in this place.
 D = Time resting spent in this place.
 E = Time spent auto-exploring this place.
 F = Levels seen in this place.
 G = Mean time per level.
                   A        B        C        D        E       F      G
               +--------+--------+--------+--------+--------+-----+--------+
         Total |   5620 |   5620 |      0 |   1321 |      0 |   4 | 1405.0 |
       Dungeon |   5620 |   5620 |      0 |   1321 |      0 |   4 | 1405.0 |
               +--------+--------+--------+--------+--------+-----+--------+

Top non-repeatable levels by time:
     D:4: 1717 daAuts
     D:2: 1672 daAuts
     D:3: 1166 daAuts
     D:1: 1064 daAuts
